 Dungeon Crawl Stone Soup version 0.17.1-1-g73c8601 (webtiles) character file.

27739 Arkorax the Fighter (level 13, -2/125 HPs)
             Began as a Grey Draconian Gladiator on Dec 27, 2015.
             Was a High Priest of Ashenzari.
             Slain by a death yak (10 damage)
             ... on level 6 of the Lair of Beasts.
             The game lasted 00:28:48 (19798 turns).

Arkorax the Fighter (Grey Draconian Gladiator)     Turns: 19798, Time: 00:28:48

Health: -2/125     AC: 16    Str: 18    XL:     13   Next: 6%
Magic:  7/7        EV: 18    Int:  9    God:    Ashenzari [*****.]
Gold:   961        SH:  0    Dex: 16    Spells: 0 memorised, 12 levels left

rFire  . . .     SeeInvis +     n - +4 double sword of the Beast {antimagic, +Blink MP+9}
rCold  + . .     Clarity  +     (armour unavailable)
rNeg   . . .     SustAt   .     (no shield)
rPois  +         Gourm    .     b - +1 hat (curse)
rElec  .         Spirit   .     E - +0 cloak (curse)
rCorr  .         Warding  .     (no gloves)
rMut   .         Stasis   .     D - +0 pair of boots
MR     .....                    (no amulet)
Stlth  ++........               d - ring of protection from cold
                                T - ring of poison resistance (curse)

@: not resistant to hostile enchantments, unstealthy
A: walk through water, unfitting armour, unbreathing, cold-blooded, AC +13
a: Scrying, Transfer Knowledge, Renounce Religion, Evoke Blink


You were on level 6 of the Lair of Beasts.
You worshipped Ashenzari.
Ashenzari was extremely pleased with you.
You were hungry.

You visited 2 branches of the dungeon, and saw 15 of its levels.
You also visited: Labyrinth.

You collected 961 gold pieces.

Inventory:

Hand Weapons
 n - the +4 double sword of the Beast (weapon) {antimagic, +Blink MP+9}
   (You found it in a labyrinth)

   It disrupts the flow of magical energy around spellcasters and certain
   magical creatures (including the wielder).
   It affects your magic capacity (+9).
   It lets you blink.
 o - a +3 scimitar of holy wrath
 Q - a +3 long sword of flaming
Missiles
 c - 4 throwing nets (quivered)
Armour
 b - a cursed +1 hat (worn)
 D - a +0 pair of boots (worn)
 E - a cursed +0 cloak (worn)
Jewellery
 a - an uncursed ring of magical power
 d - a ring of protection from cold (right hand)
 u - an uncursed ring of positive energy
 I - an uncursed ring of sustain attributes
 K - a cursed ring of protection from cold
 L - an uncursed ring of protection from magic
 T - a cursed ring of poison resistance (left hand)
Wands
 m - a wand of draining (0)
 p - a wand of slowing (14)
 s - a wand of flame (17)
 G - a wand of cold (0)
 H - a wand of random effects (8)
 J - a wand of hasting (0)
 O - a wand of frost (20)
 P - a wand of polymorph (6)
 R - a wand of polymorph (7)
 S - a wand of lightning (1)
 U - a wand of frost (16)
 Y - a wand of digging (12)
Scrolls
 e - 5 scrolls of recharging
 l - a scroll of enchant armour
 t - 2 scrolls of curse weapon
 x - 3 scrolls of magic mapping
 y - 2 scrolls of blinking
 A - a scroll of enchant weapon
 X - 2 scrolls of identify
 Z - a scroll of remove curse
Potions
 g - a potion of cure mutation
 h - a potion of agility
 i - 3 potions of degeneration
 j - 2 potions of might
 r - 2 potions of cancellation
 v - a potion of flight
 B - 4 potions of poison
 F - 4 potions of heal wounds
 M - 3 potions of mutation
 V - a potion of curing {unknown}
 W - 2 potions of haste
Books
 N - a book of Air

   Spells                             Type                      Level
   a - Shock                          Conjuration/Air              1
   b - Swiftness                      Charms/Air                   2
   c - Repel Missiles                 Charms/Air                   2
   d - Static Discharge               Conjuration/Air              3
   e - Lightning Bolt                 Conjuration/Air              5
Miscellaneous
 q - a disc of storms
Comestibles
 f - 2 slices of pizza
 k - 2 meat rations
 w - a beef jerky
 z - 4 bread rations
 C - 8 royal jellies


   Skills:
 * Level 14.9 Fighting
 * Level 14.0 Long Blades
 - Level 1.7 Throwing
 + Level 9.5 Dodging


You had 12 spell levels left.
You didn't know any spells.

Dungeon Overview and Level Annotations

Branches:
Dungeon (9/15)             Temple (0/1) D:6            Lair (6/8) D:9
 Shoals (0/4) Lair:3       Spider (0/4) Lair:4          Orc (0/4) D:9
  Slime: Lair:6-8

Altars:
Ashenzari
Cheibriados
Dithmenos
Gozag
Nemelex Xobeh
Qazlal
Trog
Vehumet
Xom
Yredelemnul
Zin
Beogh

Shops:
D:9 }

Annotations:
Lair:2 exclusion: oklob plant


Innate Abilities, Weirdness & Mutations

You can walk through water.
Your dull iron-grey scales are very hard (AC +13).
Your body does not fit into most forms of armour.
You can survive without breathing.
You are cold-blooded and may be slowed by cold attacks.


Message History

You are too injured to fight recklessly!
You are too injured to fight recklessly!
You are too injured to fight recklessly!
You slash the death yak!
The death yak is moderately wounded.
The death yak misses you.
You slice the death yak!!
The death yak is heavily wounded.
You feel a little less mighty now. The death yak gores you!!
* * * LOW HITPOINT WARNING * * *
You hit the death yak but do no damage.
The death yak is heavily wounded.
The death yak gores you!
* * * LOW HITPOINT WARNING * * *
You slice the death yak!!
You tail-slap the death yak, but do no damage.
The death yak is severely wounded.
The death yak gores you!
You die...

∩.............YY...P..,,
, , ,,
..........##..#...P... ,
,
..........###...#.PP..,
, ...#...#...####.#.#...
, * ,
P..####...###......P...
*, ,,*
......+...##.....#P....
,
.......P....#....###...,
* ...........##.....# ..
*, , ,
................@## , ,
, , .............#.Y#.#
, * , * ,
#P.#..#.).....#.###
*****
##.#.#...........,,, ,,,
*, * ,.,.. ............
,, , , .,.#.*
###.##..PP# * , , * ** *
## ....##* * * #P### ***


You could see a death yak.

Vanquished Creatures
  A minotaur (Lab)
  Harold (Lair:4)
  A catoblepas (Lair:5)
  A hydra (Lair:2)
  6 death yaks
  2 griffons
  A siren (Lair:3)
  Maurice (D:8)
  9 spiny frogs
  Psyche (D:9)
  4 komodo dragons
  A black mamba (Lair:4)
  2 trolls (D:9)
  A fire drake (Lair:3)
  3 polar bears
  15 blink frogs
  A wyvern (D:9)
  A deep elf mage (D:8)
  13 yaks
  2 trapdoor spiders (Lab)
  A hippogriff (Lair:1)
  Grum (D:8)
  A basilisk (Lair:4)
  9 wolves
  2 soldier ants (D:8)
  7 water moccasins
  3 ice beasts
  2 black bears
  4 porcupines
  9 spiders
  3 centaurs
  A sky beast (D:6)
  9 orc warriors
  2 phantoms
  5 crocodiles
  11 giant frogs
  A brain worm (D:8)
  A wyvern skeleton (D:9)
  3 scorpions
  3 wights (D:7)
  4 electric eels
  6 crimson imps
  2 giant frog zombies
  2 jellies
  9 orc wizards
  4 orc priests
  A gnoll shaman (D:5)
  10 hounds
  2 giant frog skeletons
  Jessica (D:3)
  A centaur skeleton (D:8)
  6 worker ants
  2 iguanas (D:9)
  A centaur simulacrum (D:9)
  2 giant frog simulacra (D:9)
  A killer bee simulacrum (D:9)
  Robin (D:4)
  9 gnolls
  8 adders
  5 white imps (D:9)
  20 river rats
  2 shadow imps
  An ufetubus (D:9)
  An ooze (D:3)
  4 worms
  4 giant geckos
  62 orcs
  9 bats
  3 giant cockroaches (D:3)
  15 goblins
  7 hobgoblins
  10 jackals
  A ball python (D:3)
  5 giant newts
  7 kobolds
  A quokka skeleton (D:7)
  6 rats
  A spectral orc (D:6)
381 creatures vanquished.

Vanquished Creatures (others)
  4 fungi (Lair:2)
  9 plants
13 creatures vanquished.

Grand Total: 394 creatures vanquished

Notes
Turn   | Place    | Note
--------------------------------------------------------------
     0 | D:1      | Arkorax the Draconian Gladiator began the quest for the Orb.
     0 | D:1      | Reached XP level 1. HP: 17/17 MP: 1/1
   142 | D:1      | Reached XP level 2. HP: 25/25 MP: 2/2
   462 | D:1      | Found a shattered altar of Ashenzari.
   468 | D:1      | Became a worshipper of Ashenzari the Shackled
  1058 | D:2      | Found a snail-covered altar of Cheibriados.
  1062 | D:2      | Found a glowing silver altar of Zin.
  1085 | D:2      | Reached XP level 3. HP: 31/31 MP: 3/3
  1745 | D:2      | Found a sparkling altar of Nemelex Xobeh.
  1754 | D:2      | Found a stormy altar of Qazlal.
  1754 | D:2      | Found a shimmering altar of Xom.
  1834 | D:3      | Noticed Jessica
  1843 | D:3      | Killed Jessica
  1843 | D:3      | Reached skill level 4 in Long Blades
  1843 | D:3      | Reached XP level 4. HP: 18/38 MP: 4/4
  2955 | D:4      | Reached * piety under Ashenzari
  2984 | D:4      | Reached XP level 5. HP: 19/46 MP: 5/5
  3231 | D:4      | Found an opulent altar of Gozag.
  3253 | D:4      | Noticed Robin
  3267 | D:4      | Killed Robin
  3561 | D:4      | Noticed a phantom
  3588 | D:4      | Killed a phantom
  3588 | D:4      | Reached skill level 5 in Long Blades
  3588 | D:4      | Reached XP level 6. HP: 33/53 MP: 6/6
  4124 | D:5      | Entered Level 5 of the Dungeon
  4192 | D:5      | Reached skill level 5 in Fighting
  4415 | D:5      | Your scales start taking on a dull iron-grey colour.
  4415 | D:5      | Gained mutation: You can survive without breathing. [Grey Draconian growth]
  4415 | D:5      | Reached XP level 7. HP: 57/61 MP: 7/7
  4666 | D:5      | Reached skill level 6 in Long Blades
  5157 | D:5      | Found a glowing silver altar of Zin.
  5428 | D:6      | Reached XP level 8. HP: 67/71 MP: 8/8
  5467 | D:6      | Reached skill level 7 in Long Blades
  5707 | D:6      | Found a staircase to the Ecumenical Temple.
  5954 | D:6      | Reached skill level 5 in Dodging
  6358 | D:6      | Found a basalt altar of Yredelemnul.
  6411 | D:7      | Found a shadowy altar of Dithmenos.
  7002 | D:7      | Reached skill level 8 in Fighting
  7279 | D:7      | Found a radiant altar of Vehumet.
  7325 | D:7      | Found a bloodstained altar of Trog.
  7418 | D:7      | Reached ** piety under Ashenzari
  7522 | D:7      | Reached XP level 9. HP: 76/82 MP: 9/9
  7878 | D:8      | Noticed Maurice
  7924 | D:8      | Killed Maurice
  8069 | D:8      | Reached skill level 9 in Fighting
  9311 | D:9      | Found Venusost's Gadget Shop.
  9596 | D:9      | Reached skill level 10 in Fighting
  9718 | D:9      | Reached XP level 10. HP: 57/93 MP: 10/10
  9930 | D:9      | Noticed Grum
 10156 | D:8      | Reached skill level 10 in Long Blades
 10163 | D:8      | Killed Grum
 10886 | D:9      | Noticed Psyche
 11409 | D:9      | Killed Psyche
 11409 | D:9      | Reached skill level 11 in Fighting
 12130 | D:9      | Found a staircase to the Lair.
 12597 | D:9      | Found a roughly hewn altar of Beogh.
 12597 | D:9      | Found a staircase to the Orcish Mines.
 12711 | D:9      | Reached XP level 11. HP: 52/104 MP: 11/11
 13052 | D:9      | Noticed a death yak
 13071 | D:9      | Killed a death yak
 13071 | D:9      | Reached skill level 12 in Fighting
 13620 | Lair:1   | Entered Level 1 of the Lair of Beasts
 13983 | Lair:1   | Reached *** piety under Ashenzari
 15428 | Lair:2   | Reached skill level 13 in Fighting
 16096 | Lair:2   | Noticed an eight-headed hydra
 16109 | Lair:2   | Killed a four-headed hydra
 16433 | Lair:3   | Reached XP level 12. HP: 78/115 MP: 12/12
 16855 | Lair:3   | Found a staircase to the Shoals.
 16948 | Lair:3   | Reached **** piety under Ashenzari
 17520 | Lair:4   | Found a hole to the Spider Nest.
 17619 | Lair:4   | Reached skill level 14 in Fighting
 17670 | Lair:4   | Noticed Harold
 17687 | Lair:4   | Killed Harold
 18338 | Lair:5   | Reached ***** piety under Ashenzari
 18471 | Lair:5   | Noticed a catoblepas
 18791 | Lair:5   | Killed a catoblepas
 19248 | Lair:6   | Found a labyrinth entrance.
 19252 | Lab      | Entered a labyrinth
 19670 | Lab      | Noticed a minotaur
 19675 | Lab      | Killed a minotaur
 19675 | Lab      | Identified the cursed +1 great mace of Rarhes {freeze, *Confuse Str+2 Int+4 Dex+5} (You took it off a minotaur in a labyrinth)
 19707 | Lab      | Identified the +4 double sword of the Beast {antimagic, +Blink MP+9} (You found it in a labyrinth)
 19780 | Lair:6   | Reached XP level 13. HP: 47/125 MP: 7/13
 19798 | Lair:6   | Slain by a death yak

Action                   |  1- 3 |  4- 6 |  7- 9 | 10-12 | 13-15 || total
-------------------------+-------+-------+-------+-------+-------++-------
Melee: Long sword        |    31 |    15 |   400 |   877 |       ||  1323
       Short sword       |    59 |   163 |   135 |       |       ||   357
       Double sword      |       |       |       |    26 |    14 ||    40
Throw: Throwing net      |       |     1 |     1 |       |       ||     2
Evoke: Wand              |       |       |    10 |    10 |       ||    20
  Use: Scroll            |       |       |    10 |    18 |       ||    28
       Potion            |       |       |       |     9 |     3 ||    12
 Stab: Sleeping          |     1 |     2 |     1 |     2 |       ||     6
       Held in net/web   |       |     1 |       |       |       ||     1
  Eat: Chunk             |     3 |       |     3 |     6 |       ||    12
       Bread ration      |       |     2 |       |     2 |       ||     4
       Meat ration       |       |       |     2 |     1 |       ||     3
       Fruit             |       |       |     5 |    12 |       ||    17
       Royal jelly       |       |       |       |     2 |       ||     2
